 Dungeon Crawl Stone Soup version 0.19-a0-1457-g32fba05 (webtiles) character file.

1983 4thArraOfDagon the Grappler (level 9, -1/74 HPs)
             Began as a Troll Ice Elementalist on Sept 6, 2016.
             Was a Priest of Fedhas.
             Slain by a sun demon (18 damage)
             ... summoned by an orc sorcerer
             ... in a bailey.
             The game lasted 00:14:13 (2505 turns).

4thArraOfDagon the Grappler (TrIE)                  Turns: 2505, Time: 00:14:13

Health: -1/74      AC:  5    Str: 23    XL:     9   Next: 1%
Magic:  10/10      EV:  9    Int: 16    God:    Fedhas [***...]
Gold:   203        SH:  0    Dex: 10    Spells: 1 memorised, 9 levels left

rFire  . . .     SeeInvis .       - Unarmed
rCold  . . .     Gourm    +     a - +0 robe
rNeg   . . .     Faith    .     (no shield)
rPois  +         Spirit   .     (helmet restricted)
rElec  .         Dismiss  .     (no cloak)
rCorr  .         Reflect  .     (gloves unavailable)
MR     .....     Harm     .     (boots unavailable)
Stlth  +.........               e - amulet of rage
                                (no ring)
                                s - ring of poison resistance

@: mighty, very slightly contaminated, drained
A: unfitting armour, claws 3, clever 1, fast metabolism 3, gourmand,
regeneration 1, shaggy fur 1, tough skin 2
a: Evolution, Sunlight, Growth, Renounce Religion, Evoke Berserk Rage


You were in a bailey.
You worshipped Fedhas.
Fedhas was most pleased with you.
You were not hungry.

You visited 1 branch of the dungeon, and saw 7 of its levels.
You also visited: Ossuary and Bailey.

You collected 203 gold pieces.

Inventory:

Hand Weapons
 p - a +0 giant club
Missiles
 g - 9 throwing nets (quivered)
Armour
 a - a +0 robe (worn)
Jewellery
 e - an amulet of rage (around neck)
 s - a ring of poison resistance (left claw)
Wands
 f - a wand of flame (28/48)
 o - a wand of slowing (35/48)
Scrolls
 l - 2 scrolls of remove curse
 m - a scroll of immolation
Potions
 i - 5 potions of curing
 j - a potion of mutation {unknown}
 k - a potion of heal wounds
Books
 b - a book of Frost

   Spells                             Type                      Level
   a - Freeze                         Ice                          1
   b - Throw Frost                    Conjuration/Ice              2
   c - Ozocubu's Armour               Charms/Ice                   3
   d - Throw Icicle                   Conjuration/Ice              4
   e - Summon Ice Beast               Ice/Summoning                4
Comestibles
 c - 6 bread rations
 h - 4 fruits
 q - 6 beef jerkies


   Skills:
 - Level 1.5(1.0) Dodging
 - Level 1.1(0.6) Stealth
 * Level 10.2(9.6) Unarmed Combat
 - Level 1.2(0.7) Spellcasting
   Level 0.6(0.0) Conjurations
 - Level 2.1(1.6) Ice Magic
 + Level 2.7(2.1) Invocations
 - Level 3.1(2.5) Evocations


You had 9 spell levels left.
You knew the following spells:

 Your Spells              Type           Power        Failure   Level  Hunger
a - Freeze                Ice            #...         14%         1    ##.....


Dungeon Overview and Level Annotations

Branches:
Dungeon (7/15)
 Temple: D:4-7

Altars:
Cheibriados
Fedhas
Ru

Shops:
D:7 [

Annotations:
Bailey ximxim's ghost, novice SpBe


Innate Abilities, Weirdness & Mutations

You are too large for most types of armour.
You have claws for hands.
Your metabolism is lightning-fast.
You like to eat raw meat.
Your natural rate of healing is unusually fast.
You are covered in fur. (AC +1)
You have very tough skin. (AC +2)
Your mind is acute. (Int +2)


Message History

Unknown command.
Unknown command.
Blink to where?
Press: ? - help, Dir - move target cursor You are very lightly contaminated with residual magic.
As you read the scroll of blinking, it crumbles to dust.
The hellwing barely misses you. x2
The orc sorcerer casts a spell at you. The bolt of negative energy hits you!
You feel drained.
Unknown command.
Throwing (i - inventory):
g - 10 throwing nets (quivered)
Press: ? - help, Shift-Dir - straight line, f - orc sorcerer
Aim: an orc sorcerer, wielding a broad axe and wearing a ring mail You throw a throwing net.
The throwing net closely misses the orc sorcerer.
The hellwing hits you! The hellwing barely misses you. The sun demon hits you!!
* * * LOW HITPOINT WARNING * * *
You are engulfed in flames!!
You die...
Fedhas appreciates your contribution to the ecosystem.

### ..# #≈≈≈≈≈# 8.#
#≈≈≈≈≈#
o.######≈≈≈≈≈#
.....#.≈≈≈≈≈≈#
.....#.≈≈≈≈≈.######
###''#.≈≈≈≈≈......#
.....#.≈≈≈≈≈.....3###
.....'........))@o.§#
..⌠..'.........)4..∩#
.....'.........)....#
.....#.≈≈≈≈≈......###
###++#.≈≈≈≈≈......#
#.≈≈≈≈≈.######
#.≈≈≈≈≈≈# ###≈≈≈≈≈#
#≈≈≈≈≈#


You could see a sun demon, a hellwing and an orc sorcerer.

Vanquished Creatures
  Sigmund (D:2)
  An orc warrior (Bailey)
  A necrophage (D:6)
  3 ogres
  2 centaurs
  A big kobold (D:7)
  3 giant frogs (D:7)
  A gnoll sergeant (D:7)
  3 howler monkeys (D:7)
  A centaur zombie (Ossuary)
  A hound (D:7)
  A jelly (D:7)
  2 orc wizards
  An orc priest (D:4)
  Natasha (D:4)
  6 worker ants
  2 big kobold zombies (Ossuary)
  A hound zombie (D:5)
  A hound skeleton (D:7)
  6 mummies (Ossuary)
  2 worker ant zombies
  A howler monkey zombie (D:7)
  7 gnolls
  7 adders
  4 shadow imps
  An ooze (D:3)
  2 worms (D:2)
  5 giant geckos
  12 orcs
  A ball python (D:2)
  8 bats
  7 giant cockroaches
  8 goblins
  2 hobgoblins
  11 jackals
  7 kobolds
  3 quokkas
  4 giant newts
  3 hobgoblin zombies (Ossuary)
  A rat (D:3)
135 creatures vanquished.

Vanquished Creatures (others)
  An orc wizard (D:6)
  71 toadstools
72 creatures vanquished.

Grand Total: 207 creatures vanquished

Notes
Turn   | Place    | Note
-------+----------+-------------------------------------------
     0 | D:1      | 4thArraOfDagon the Troll Ice Elementalist began the quest for the Orb.
     0 | D:1      | Reached XP level 1. HP: 16/16 MP: 1/1
    30 | D:1      | Reached skill level 1 in Unarmed Combat
    38 | D:1      | 4thArraOfDagon: ima just win without forcing
    38 | D:1      | 4thArraOfDagon: this is gettin m tired
    81 | D:1      | Reached XP level 2. HP: 24/24 MP: 2/2
   127 | D:2      | Found a faded altar of an unknown god.
   154 | D:2      | Became a worshipper of Fedhas Madash
   154 | D:2      | Reached * piety under Fedhas
   164 | D:2      | Reached skill level 2 in Unarmed Combat
   213 | D:1      | Ultraviolent4: what were you tying to force?
   243 | D:1      | Reached XP level 3. HP: 28/31 MP: 3/3
   327 | D:2      | Reached skill level 3 in Unarmed Combat
   394 | D:3      | Found a snail-covered altar of Cheibriados.
   521 | D:3      | Reached skill level 4 in Unarmed Combat
   521 | D:3      | Reached XP level 4. HP: 35/39 MP: 4/4
   575 | D:2      | Noticed Sigmund
   579 | D:2      | Gained mutation: Your mind is acute. (Int +2) [potion of beneficial mutation]
   611 | D:2      | Killed Sigmund
   611 | D:2      | Reached skill level 6 in Unarmed Combat
   611 | D:2      | Reached XP level 5. HP: 29/45 MP: 5/5
   611 | D:2      | Reached XP level 6. HP: 34/53 MP: 6/6
   691 | D:3      | Reached ** piety under Fedhas
   708 | D:4      | 4thArraOfDagon: hell i know
   965 | D:3      | You fall through a shaft for 2 floors!
   965 | D:5      | Entered Level 5 of the Dungeon
   966 | D:5      | :)
  1008 | D:5      | Reached skill level 1 in Evocations
  1030 | D:5      | Reached skill level 7 in Unarmed Combat
  1030 | D:5      | Reached XP level 7. HP: 24/59 MP: 7/7
  1077 | D:5      | Found a sand-covered staircase.
  1135 | D:4      | Noticed Natasha
  1140 | D:4      | Killed Natasha
  1172 | Ossuary  | Entered an ossuary
  1568 | D:6      | Reached skill level 8 in Unarmed Combat
  1652 | D:6      | Found a sacrificial altar of Ru.
  1899 | D:7      | Reached XP level 8. HP: 66/66 MP: 8/8
  2018 | D:7      | Reached skill level 9 in Unarmed Combat
  2169 | D:7      | Reached skill level 1 in Invocations
  2187 | D:7      | Reached *** piety under Fedhas
  2279 | D:7      | Reached skill level 10 in Unarmed Combat
  2293 | D:7      | Found Wuuf's Armour Emporium.
  2311 | D:7      | 4thArraOfDagon: nearby
  2373 | D:7      | Found a flagged portal.
  2386 | Bailey   | Entered a bailey
  2425 | Bailey   | Reached XP level 9. HP: 59/73 MP: 10/10
  2476 | Bailey   | Noticed an orc high priest
  2477 | Bailey   | Noticed ximxim's ghost (novice SpBe)
  2480 | Bailey   | Noticed an orc sorcerer
  2495 | Bailey   | Noticed a sun demon
  2501 | Bailey   | Noticed a hellwing
  2505 | Bailey   | Slain by a sun demon

Vault maps used:
D:1:      scummos_arrival_star
D:2:      grunt_gozag_breadcrumbs, old_standard_altar, ecumenical_altar_2,
          kennysheep_generic_room_8, uniq_robin, uniq_sigmund
D:3:      cheibriados_altar_1, minmay_misc_feat_five
D:4:      tgw_fedhas, first_bread, uniq_natasha
D:5:      nicolae_ossuary_entry_false_entrances, minmay_small_thing
D:6:      nicolae_overflow_crystal_walls, bloody_trog
D:7:      enter_bailey_7, serial_shops, nicolae_shop_window_shopping,
          grunt_ogre_cave
Ossuary:  ossuary_the_hunt_dpeg
Bailey:   bailey_axe_of_yendor_kennysheep, bailey

Skill      XL: |  1  2  3  4  5  6  7  8 |
---------------+-------------------------+-----
Unarmed Combat | 1 2 4 6 7 8 10 | 10.2
Evocations     | 1 2 3 |  3.1
Invocations    | 2 |  2.7
Dodging        | |  1.5
Stealth        | |  1.1
Spellcasting   | |  1.2
Conjurations   | |  0.6
Ice Magic      | |  2.1

Action                   |  1- 3 |  4- 6 |  7- 9 || total
-------------------------+-------+-------+-------++-------
Melee: Unarmed           |   113 |   106 |   222 ||   441
       Punch             |     1 |     3 |     9 ||    13
Throw: Throwing net      |       |       |     3 ||     3
 Abil: Evoke Berserk Rag |       |       |     1 ||     1
  Use: Potion            |       |     4 |     3 ||     7
       Scroll            |       |     2 |     8 ||    10
 Stab: Sleeping          |     1 |     1 |     1 ||     3
       Held in net/web   |       |       |     3 ||     3
  Eat: Pizza             |     1 |       |       ||     1
       Chunk             |     1 |     7 |    13 ||    21
       Fruit             |       |       |     1 ||     1
Armor: Robe              |    58 |    53 |    40 ||   151
       Skin              |       |       |     6 ||     6
Dodge: Dodged            |    67 |    51 |    97 ||   215
